 Dungeon Crawl Stone Soup version 0.30-a0-304-gdc4b735fe1 (webtiles) character file.

Game seed: 6807179262788447701

61 lunkers the Caller (level 4, -1/33 HPs)
             Began as a Meteoran Summoner on Oct 21, 2022.
             Was an Initiate of Gozag.
             Slain by an iguana (10 damage)
             ... on level 5 of the Dungeon.
             The game lasted 00:05:13 (1299 turns).

lunkers the Caller (Meteoran Summoner)              Turns: 1299, Time: 00:05:14

Health: -1/33      AC:  4    Str: 10    XL:     4   Next: 51%
Magic:  3/10       EV: 12    Int: 18    God:    Gozag
Gold:   215        SH:  0    Dex: 14    Spells: 4/10 levels left

rFire   . . .      SeeInvis .    (no weapon)
rCold   . . .      Faith    .    (no shield)
rNeg    . . .      Spirit   .    a - +0 robe
rPois   .          Reflect  .    (no helmet)
rElec   .          Harm     .    o - +0 cloak
rCorr   .          Rampage  .    l - +0 pair of gloves
Will    .....                    (no boots)
Stlth   +.........               (no amulet)
HPRegen 0.25/turn                (no ring)
MPRegen 0.12/turn                (no ring)

@: very slightly contaminated, glowing
A: sense surroundings 1, otherworldly, glowing, explore regen
a: Renounce Religion, Potion Petition, Call Merchant, Bribe Branch


You were on level 5 of the Dungeon.
You worshipped Gozag.
Gozag was aware of your devotion.
You visited 1 branch of the dungeon, and saw 5 of its levels.

You collected 215 gold pieces.

Inventory:

Armour
 a - a +0 robe (worn)
 i - an orb of mayhem
 l - a +0 pair of gloves (worn)
 o - a +0 cloak (worn)
Scrolls
 e - a scroll of immolation
 f - 2 scrolls of magic mapping
 j - 4 scrolls of teleportation
Potions
 b - a potion of magic
 c - a potion of mutation {unknown}
 k - a potion of resistance
 p - a potion of curing


   Skills:
 - Level 2.4 Dodging
 - Level 1.4 Stealth
 + Level 3.6 Spellcasting
 * Level 6.1 Summonings


You had 4 spell levels left.
You knew the following spells:

 Your Spells              Type           Power      Damage    Failure   Level
b - Summon Small Mammal   Summ           100%       N/A       1%          1
c - Call Canine Familiar  Summ           25%        N/A       3%          3
p - Call Imp              Summ           25%        N/A       1%          2

Your spell library contained the following spells:

 Spells                   Type           Power      Damage    Failure   Level
 Summon Guardian Golem    Hex/Summ       14%        N/A       13%         3
 Summon Lightning Spire   Summ/Air       14%        N/A       38%         4
 Cause Fear               Hex            1%         N/A       83%         4
 Dragon Form              Tmut           1%         N/A       100%        7
 Dragon's Call            Summ           12%        N/A       100%        9


Dungeon Overview and Level Annotations

Branches:
Dungeon (5/15) Zot: 1693
 Temple: D:4-7

Altars:
Gozag
Xom

Annotations:
D:4 3 runed translucent doors, koil's ghost, amateur SpBr


Innate Abilities, Weirdness & Mutations

You passively map a small area around you.
You are easily found by Zot.
You glow in the dark.
You regain HP and MP as you explore.


Message History

The hound closely misses you. The iguana misses you.
Casting: Call Canine Familiar (dangerous; 3% risk of failure)
Confirm with . or Enter, or press ? or * to list all spells.
Okay, then.
You hit the iguana but do no damage. The hound closely misses you.
The iguana bites you. The hound bites you.
Unknown command.
Casting: Call Canine Familiar (dangerous; 3% risk of failure)
Confirm with . or Enter, or press ? or * to list all spells.
You miscast Summon Small Mammal.
You are very lightly contaminated with residual magic.
Nothing appears to happen.
Your hound closely misses the iguana.
The hound bites you but does no damage. The iguana bites you!
* * * LOW HITPOINT WARNING * * *
Your hound barely misses the iguana.
Unknown command.
Unknown command.
Unknown command.
Unknown command.
You swap places.
Your hound barely misses the iguana.
The iguana bites you.
* * * LOW HITPOINT WARNING * * *
The hound bites you.
* * * LOW HITPOINT WARNING * * *
Your hound bites the iguana.
Your hound barely misses the iguana.
There is a stone staircase leading down here.
Unknown command.
Casting: Summon Small Mammal (safe; 1% risk of failure)
Confirm with . or Enter, or press ? or * to list all spells.
The hound bites you but does no damage. The hound misses you.
The iguana barely misses you.
Unknown command.
Unknown command.
Unknown command.
Casting: Summon Small Mammal (safe; 1% risk of failure)
Confirm with . or Enter, or press ? or * to list all spells.
Your hound disappears in a puff of smoke!
The hound bites you but does no damage.
Your quokka bites the iguana.
The iguana bites you!
You die...
Your body crumbles into a pile of gold.

* , $ , *
, , , , ,
##### ,*
,##...##,
** ,
##8.<.8##
#.......#
+...8.<.#
*
#..rlĀ§..#
*
##8.@h8##
* ##h..##
##### ,*


You could see an iguana (ally target), a hound (ally target), a friendly hound
(summoned) and a friendly quokka (summoned).

Vanquished Creatures
  An adder (D:2)
  A white imp (D:4)
  A ball python (D:3)
  2 goblins
  A quokka (D:2)
  A frilled lizard (D:2)
7 creatures vanquished.

Vanquished Creatures (collateral kills)
  An adder (D:4)
  A dart slug (D:3)
  4 ball pythons
  An endoplasm (D:2)
  4 giant cockroaches
  A goblin (D:1)
  3 hobgoblins
  A kobold (D:2)
  A quokka (D:1)
  3 bats
  2 frilled lizards
  5 rats
27 creatures vanquished.

Vanquished Creatures (others)
  3 fungi (D:2)
  A plant (D:2)
4 creatures vanquished.

Grand Total: 38 creatures vanquished

Notes
Turn   | Place    | Note
-------+----------+-------------------------------------------
     0 | D:1      | lunkers the Meteoran Summoner began the quest for the Orb.
     0 | D:1      | Reached XP level 1. HP: 14/14 MP: 5/5
    73 | D:1      | Reached skill level 5 in Summonings
    76 | D:1      | Reached XP level 2. HP: 20/20 MP: 3/6
    79 | D:1      | Learned a level 2 spell: Call Imp
   352 | D:2      | Reached XP level 3. HP: 26/26 MP: 5/8
   356 | D:2      | Learned a level 3 spell: Call Canine Familiar
   578 | D:2      | Found a faded altar of an unknown god.
   585 | D:2      | Prayed at the altar of an unknown god.
   585 | D:2      | Became a worshipper of Gozag Ym Sagoz the Greedy
   786 | D:2      | HP: 1/26 [poisoned by an adder]
   841 | D:3      | Reached XP level 4. HP: 33/33 MP: 10/10
   998 | D:4      | Reached skill level 6 in Summonings
  1155 | D:4      | Found a runed translucent gate.
  1155 | D:4      | Found a runed translucent gate.
  1155 | D:4      | Found a runed translucent gate.
  1221 | D:4      | Found a shimmering altar of Xom.
  1221 | D:4      | Found a shimmering altar of Xom.
  1222 | D:4      | Found a shimmering altar of Xom.
  1223 | D:4      | Found a shimmering altar of Xom.
  1223 | D:4      | Found a shimmering altar of Xom.
  1224 | D:4      | Found a shimmering altar of Xom.
  1278 | D:4      | Noticed a kobold brigand
  1279 | D:4      | Noticed koil's ghost (amateur SpBr)
  1292 | D:5      | Entered Level 5 of the Dungeon
  1299 | D:5      | Slain by an iguana

Illustrated notes

Levels and vault maps discovered:
D:1:      roderic_octagonal_star, layout_basic, minmay_misc_feat_square
D:2:      layout_loops_ring, shapermc_ecumenical_altar_hornbeckon
D:3:      layout_rooms, hangedman_decor_push
D:4:      layout_cave_pools, xom_redecorated, gammafunk_ghost_nasty_kobolds
D:5:      layout_loops_cross, minmay_temple_entry_junction, serial_shops,
          shop_statue, grunt_ministairs_7, uniq_crazy_yiuf_cottage,
          uniq_menkaure

Skill      XL: |  1  2  3  4 |
---------------+-------------+-----
Summonings     | 5 6 |  6.1
Spellcasting   | 3 |  3.6
Dodging        | |  2.4
Stealth        | |  1.4

Action                   |  1- 3 |  4- 6 || total
-------------------------+-------+-------++-------
Melee: Unarmed           |    52 |    21 ||    73
       Punch             |     2 |       ||     2
 Cast: Summon Small Mamm |     6 |     1 ||     7
       Call Imp          |    11 |       ||    11
       Call Canine Famil |     4 |     5 ||     9
  Use: Potion            |     2 |       ||     2
       Scroll            |       |    11 ||    11
 Stab: Distracted        |     1 |     2 ||     3
Armor: Robe              |    23 |     7 ||    30
Dodge: Dodged            |    36 |    14 ||    50

Table legend: (Time is in decaauts)
 A = Elapsed time spent in this place.
 B = Non-inter-level travel time spent in this place.
 C = Inter-level travel time spent in this place.
 D = Time resting spent in this place.
 E = Time spent auto-exploring this place.
 F = Levels seen in this place.
 G = Mean time per level.
                   A        B        C        D        E       F      G
               +--------+--------+--------+--------+--------+-----+--------+
         Total |   1305 |   1228 |     77 |      0 |    633 |   5 |  261.0 |
       Dungeon |   1305 |   1228 |     77 |      0 |    633 |   5 |  261.0 |
               +--------+--------+--------+--------+--------+-----+--------+

Top non-repeatable levels by time:
     D:2: 548 daAuts
     D:4: 354 daAuts
     D:1: 262 daAuts
     D:3: 133 daAuts
     D:5: 6 daAuts
